 Dungeon Crawl Stone Soup version 0.32-a0-35-gd9ff480968 (webtiles) character file.

Game seed: 4706493584936343926

2401 kirbo the Covered (level 9, -4/79 HPs)
             Began as a Minotaur Berserker on Jan 18, 2024.
             Was an Elder of Trog.
             Killed by vampiric draining
             ... invoked by a vampire
              (11 damage)
             ... on level 9 of the Dungeon on Jan 22, 2024.
             The game lasted 00:24:18 (4729 turns).

kirbo the Covered (Minotaur Berserker)              Turns: 4729, Time: 00:24:18

Health: -4/79      AC: 15    Str: 30    XL:     9   Next: 23%
Magic:  8/8        EV: 11    Int:  6    God:    Trog [****..]
Gold:   224        SH:  0    Dex: 10    Spells: 8/8 levels left

rFire   . . .        I - +4 great sword (freeze)
rCold   . . .        (shield currently unavailable)
rNeg    . . .        n - +2 chain mail
rPois   .            (helmet restricted)
rElec   .            (no cloak)
rCorr   .            w - +0 pair of gloves
SInv    .            e - +0 pair of boots
Will    ++...        (no amulet) Stlth
                     h - +6 ring of strength
HPRegen 1.33/turn    (no ring)
MPRegen 0.11/turn

%: no passive effects
@: strong-willed, regenerating
A: horns 2, retaliatory headbutt
a: Renounce Religion, Berserk, Trog's Hand, Brothers in Arms


You were on level 9 of the Dungeon.
You worshipped Trog.
Trog was greatly pleased with you.
You visited 1 branch of the dungeon, and saw 8 of its levels.
You also visited: Ossuary.

You collected 224 gold pieces.

Inventory:

Hand Weapons
 a - a +0 hand axe
 g - a +0 heavy war axe
 t - the +2 morningstar of Imminent Death {venom, Will+ Int+4}
   (You found it on level 5 of the Dungeon)

   Int+4:     It affects your intelligence (+4).
   Will+:     It increases your willpower.
 u - a +0 long sword
 v - a +0 giant club
 I - a +4 great sword of freezing (weapon)
Missiles
 H - 5 poisoned darts (quivered)
Armour
 b - a +0 animal skin
 c - a +0 robe
 e - a +0 pair of boots (worn)
 i - a +0 ring mail
 n - a +2 chain mail (worn)
 w - a +0 pair of gloves (worn)
 M - a +0 scale mail
Jewellery
 h - a +6 ring of strength (left hand)
 o - an amulet of faith
 G - an amulet of the acrobat
 L - an amulet of guardian spirit
Wands
 y - a wand of digging (5)
 J - a wand of mindburst (34)
Scrolls
 f - a scroll of acquirement {unknown}
 l - a scroll of blinking {unknown}
 q - 5 scrolls of teleportation
 s - a scroll of poison
 x - a scroll of noise
 K - a scroll of enchant weapon {unknown}
Potions
 j - a potion of curing
 k - a potion of haste {unknown}
 m - 3 potions of might
 p - a potion of invisibility {unknown}
 r - 3 potions of berserk rage
 z - a potion of lignification
 A - 2 potions of attraction {unknown}
 B - a potion of degeneration {unknown}
 C - 2 potions of mutation {unknown}
 D - 4 potions of brilliance
 E - 2 potions of enlightenment {unknown}
 F - 2 potions of cancellation {unknown}


   Skills:
 + Level 7.2 Fighting
 + Level 4.4 Long Blades
 + Level 7.2(8.2) Axes
 + Level 6.1(7.7) Maces & Flails
 + Level 7.7 Armour
 + Level 5.1 Dodging
 + Level 0.5 Stealth


You had 8 spell levels left.
You didn't know any spells.
Your spell library contained the following spells:

 Spells                   Type           Power      Damage    Failure   Level
 Lesser Beckoning         Tloc           0%         N/A       95%         2
 Gell's Gravitas          Tloc           0%         N/A       99%         3
 Teleport Other           Tloc           0%         N/A       99%         3


Dungeon Overview and Level Annotations

Branches:
Dungeon (9/15)             Temple (0/1) D:4            Lair (0/5) D:9
Ossuary (visited)
    Orc: D:9-12

Altars:

Annotations:
D:9 Erolcha


Innate Abilities, Weirdness & Mutations

You have a pair of horns on your head.
You reflexively headbutt those who attack you in melee.


Message History

The vampire misses you.
The vampire bites you but does no damage.
You slash the vampire! Your headbutt misses the vampire.
The vampire is heavily damaged.
The vampire hits you but does no damage.
The vampire bites you.
The vampire draws strength from your injuries!
The vampire hits you. The vampire barely misses you.
You barely miss the vampire.
The vampire is moderately damaged.
The vampire barely misses you. The vampire closely misses you.
You closely miss the vampire.
The vampire is moderately damaged.
The vampire hits you but does no damage.
The vampire bites you.
The vampire draws strength from your injuries!
The vampire hits you. The vampire closely misses you.
You slash the vampire!
The vampire is severely damaged.
The vampire gestures wildly while chanting.
The vampire flickers and vanishes!
You hit something. You headbutt something. Something draws life force from you.
* * * LOW HITPOINT WARNING * * *
You hit something but do no damage. You headbutt something.
You hear some strange, mumbled words.
Something tries to affect you, but you resist.
Something hits you but does no damage. Something bites you.
* * * LOW HITPOINT WARNING * * *
Something draws strength from your injuries!
You barely miss something. Something hits you!
* * * LOW HITPOINT WARNING * * *
Something bites you.
* * * LOW HITPOINT WARNING * * *
Something draws strength from your injuries!
Your skin crawls.
You feel strong-willed. Something hits you but does no damage.
Something bites you but does no damage.
Unknown command.
You hit something. You headbutt something. Something draws life force from you!
You die...

####....#
#.[.....#
#.#####.# #
##.#####.##.#
#...........#
####..###...####
#.........###
#.##.>##..#
###.##{@##..#
#.......##..#
#.......##..#
..........##..#
###.....#.##..#
#[....#.##..#
###.###.##..# #.
#.# #. .#


There were no monsters in sight!

Vanquished Creatures
  A wyvern (D:9)
  2 steam dragons
  A water moccasin (D:5)
  3 black bears
  An ogre (D:5)
  2 centaurs
  A phantom (D:5)
  2 kobold brigands (D:8)
  Blork the orc (D:5)
  3 scorpions
  A burial acolyte (Ossuary)
  3 wights (D:8)
  5 killer bees
  2 howler monkeys (D:9)
  A jelly (D:5)
  2 orc priests
  A sleepcap (D:5)
  An iguana (D:5)
  An orc wizard (D:8)
  3 crocodile zombies (Ossuary)
  2 mummies (Ossuary)
  3 adders
  A shadow imp (D:8)
  A white imp (D:8)
  2 ufetubi (D:5)
  2 adder zombies (Ossuary)
  2 ribbon worms (D:2)
  2 dart slugs
  13 orcs
  4 ball pythons
  7 endoplasms
  2 giant cockroaches (D:1)
  9 gnoll zombies (Ossuary)
  4 hobgoblins (D:1)
  8 jackals
  2 quokkas
  8 bats
  5 frilled lizards
  5 goblins
  6 jackal zombies (Ossuary)
  12 kobolds
  5 orc zombies (Ossuary)
  5 rats
147 creatures vanquished.

Notes
Turn   | Place    | Note
-------+----------+-------------------------------------------
     0 | D:1      | kirbo the Minotaur Berserker began the quest for the Orb.
     0 | D:1      | Reached XP level 1. HP: 19/19 MP: 0/0
   166 | D:1      | Reached XP level 2. HP: 27/27 MP: 1/1
   407 | D:1      | Reached ** piety under Trog
   440 | D:1      | Reached XP level 3. HP: 12/32 MP: 2/2
   966 | D:2      | Reached XP level 4. HP: 40/40 MP: 3/3
  1276 | D:4      | Found a staircase to the Ecumenical Temple.
  1293 | D:4      | Reached skill level 5 in Axes
  1361 | D:4      | Noticed a scorpion
  1367 | D:4      | Killed a scorpion
  1368 | D:4      | Reached XP level 5. HP: 30/47 MP: 4/4
  1371 | D:5      | Entered Level 5 of the Dungeon
  1525 | D:5      | Noticed Blork the orc
  1536 | D:5      | Killed Blork the orc
  1537 | D:5      | Reached XP level 6. HP: 39/55 MP: 5/5
  1740 | D:5      | Reached skill level 5 in Fighting
  1748 | D:5      | Reached skill level 1 in Long Blades
  1748 | D:5      | Reached skill level 5 in Armour
  1748 | D:5      | Reached XP level 7. HP: 54/61 MP: 6/6
  2056 | D:5      | Reached *** piety under Trog
  2079 | D:5      | Identified the +2 morningstar of Imminent Death {venom,
                  | Will+ Int+4}
  2660 | D:6      | Found a sand-covered staircase.
  2667 | Ossuary  | Entered an ossuary
  2710 | Ossuary  | Reached skill level 1 in Maces & Flails
  2756 | Ossuary  | Reached XP level 8. HP: 55/70 MP: 7/7
  2800 | Ossuary  | Reached **** piety under Trog
  3003 | D:6      | You fall into a shaft and drop 2 floors!
  3341 | D:8      | Reached skill level 5 in Maces & Flails
  3971 | D:8      | Reached XP level 9. HP: 24/78 MP: 8/8
  4474 | D:9      | Reached skill level 5 in Dodging
  4479 | D:9      | Noticed Erolcha
  4555 | D:9      | Upgraded the game from 0.32-a0-22-g6ae6769602 to
                  | 0.32-a0-35-gd9ff480968
  4558 | D:9      | Noticed a two-headed ogre
  4579 | D:9      | Found a staircase to the Lair.
  4729 | D:9      | Killed from afar by a vampire

Illustrated notes

Levels and vault maps discovered:
D:1:      minmay_arrival_open_corners, layout_rooms, roderic_roman_lattice,
          minmay_tiny_reverse_x
D:2:      minmay_wonky_spiral, layout_basic
D:3:      layout_loops_ring, chequers_serial_rivers_micro_b,
          grunt_decor_one_mirror
D:4:      layout_basic, minmay_temple_entry_large_hall
D:5:      layout_cave_pods, minmay_stone_trees_small, uniq_blork_the_orc
D:6:      layout_basic, nicolae_ossuary_entry_plus
D:8:      layout_loops_cross, serial_rivers, chequers_serial_rivers_micro_d,
          chequers_serial_rivers_micro_b, chequers_serial_rivers_room_b,
          chequers_serial_rivers_small_3, grunt_ministairs_6
D:9:      layout_loops_ring, lair_entry_dummy, eino_curves_03, abandoned_shop,
          grunt_ministairs_7, uniq_erolcha

Skill      XL: |  1  2  3  4  5  6  7  8  9 |
---------------+----------------------------+-----
Axes           | 4 5 6 7 |  7.2
Fighting       | 4 5 6 7 |  7.2
Dodging        | 3 4 5 |  5.1
Armour         | 3 4 5 6 7 |  7.7
Long Blades    | 1 2 3 4 |  4.4
Maces & Flails | 2 6 |  6.1
Stealth        | |  0.5

Action                     |  1- 3 |  4- 6 |  7- 9 || total
---------------------------+-------+-------+-------++-------
  Melee: Hand axe          |    82 |    52 |       ||   134
         Headbutt          |    13 |     8 |    34 ||    55
         Punch             |     1 |       |       ||     1
         Long sword        |       |    19 |    18 ||    37
         Morningstar       |       |       |    91 ||    91
         War axe           |       |       |    24 ||    24
         Great sword       |       |       |    38 ||    38
  Throw: Dart              |       |       |    14 ||    14
 Invoke: Berserk           |       |       |     1 ||     1
         Trog's Hand       |       |       |     2 ||     2
    Use: Scroll            |       |     3 |    13 ||    16
         Potion            |       |     2 |     5 ||     7
 Armour: Animal skin       |     4 |       |       ||     4
         Ring mail         |    30 |       |       ||    30
         Chain mail        |    20 |    73 |   334 ||   427
         Skin              |       |    53 |     2 ||    55
  Dodge: Dodged            |    61 |    69 |   216 ||   346

Table legend: (Time is in decaauts)
 A = Elapsed time spent in this place.
 B = Non-inter-level travel time spent in this place.
 C = Inter-level travel time spent in this place.
 D = Time resting spent in this place.
 E = Time spent auto-exploring this place.
 F = Levels seen in this place.
 G = Mean time per level.
                   A        B        C        D        E       F      G
               +--------+--------+--------+--------+--------+-----+--------+
         Total |   4840 |   4808 |     32 |     88 |   1825 |   9 |  537.8 |
       Dungeon |   4620 |   4588 |     32 |     88 |   1823 |   8 |  577.5 |
       Ossuary |    220 |    220 |      0 |      0 |      2 |   1 |  220.0 |
               +--------+--------+--------+--------+--------+-----+--------+

Top non-repeatable levels by time:
     D:8: 1480 daAuts
     D:5: 1288 daAuts
     D:2: 655 daAuts
     D:1: 500 daAuts
     D:9: 311 daAuts
 Ossuary: 220 daAuts
     D:6: 158 daAuts
     D:3: 126 daAuts
     D:4: 98 daAuts
